[ AOE2 MATCH · #477303052 ]
UnrankedMaya vs Lithuanians
[ REPLAY ANALYSIS · EXTRACTED FROM THE RECORDED GAME ]
Feudal
11:05
Castle
15:24
Imperial
40:00
| APM avg | 46.8 |
| APM peak | 110 |
| eAPM avg | 25.0 |
| Villagers / military | 157 / 72 |
Focus
⚔️ 38.6% · 🌾 61.4%
Unknown (882) ×32 · Plumed Archer ×31 · Eagle Scout ×18 · Petard ×8 · Spearman ×6 · Mangonel ×5
Feudal
14:46
Castle
19:08
Imperial
35:23
| APM avg | 51.2 |
| APM peak | 125 |
| eAPM avg | 30.5 |
| Villagers / military | 227 / 276 |
Focus
⚔️ 31.7% · 🌾 68.3%
Leitis ×202 · Scout Cavalry ×63 · Spearman ×10 · Monk ×1
Feudal
11:59
Castle
15:30
Imperial
31:04
| APM avg | 57.7 |
| APM peak | 96 |
| eAPM avg | 27.4 |
| Villagers / military | 158 / 498 |
Focus
⚔️ 41.8% · 🌾 58.2%
Scout Cavalry ×430 · Hand Cannoneer ×46 · Fishing Ship ×32 · Bombard Cannon ×11 · Mangonel ×5 · Monk ×2
Feudal
12:33
Castle
18:54
Imperial
34:26
| APM avg | 41.1 |
| APM peak | 104 |
| eAPM avg | 24.9 |
| Villagers / military | 82 / 62 |
Focus
⚔️ 37.9% · 🌾 62.1%
Unknown (1974) ×196 · Skirmisher ×57 · Fishing Ship ×53 · Unknown (1942) ×12 · Trade Cart ×9 · Galley ×5
Feudal
14:26
Castle
18:23
Imperial
22:23
| APM avg | 49.2 |
| APM peak | 93 |
| eAPM avg | 25.5 |
| Villagers / military | 184 / 171 |
Focus
⚔️ 47.1% · 🌾 52.9%
Hand Cannoneer ×118 · Genoese Crossbowman ×37 · Fishing Ship ×17 · Bombard Cannon ×15 · Monk ×1
Feudal
12:54
Castle
21:49
Imperial
47:52
| APM avg | 35.8 |
| APM peak | 91 |
| eAPM avg | 21.8 |
| Villagers / military | 185 / 67 |
Focus
⚔️ 25.3% · 🌾 74.7%
Skirmisher ×60 · Trade Cart ×41 · Hand Cannoneer ×3 · Scout Cavalry ×2 · Cavalry Archer ×2
Feudal
16:48
Castle
20:43
Imperial
31:56
| APM avg | 46.2 |
| APM peak | 100 |
| eAPM avg | 27.7 |
| Villagers / military | 236 / 288 |
Focus
⚔️ 38.1% · 🌾 61.9%
Spearman ×252 · Battering Ram ×17 · Militia ×11 · Bombard Cannon ×3 · Trebuchet (Packed) ×3 · Monk ×2
Feudal
12:52
Castle
17:42
Imperial
31:05
| APM avg | 51.1 |
| APM peak | 102 |
| eAPM avg | 34.0 |
| Villagers / military | 183 / 388 |
Focus
⚔️ 45.1% · 🌾 54.9%
Spearman ×283 · Chu Ko Nu ×89 · Fishing Ship ×46 · Battering Ram ×9 · Iron Pagoda ×4 · Trebuchet (Packed) ×3
Match map
Initial resources + every placement click. Lines = walls · curves = elevation contours. ◆ gold · ⬟ stone · ● berries · ✦ relic · ◌ wall gap
Your base· ✓ Closed at 15:24 · 17t walls · no gate
_Rustykid_'s base· ✓ Closed at 19:08 · 14t walls · 4 gate(s)
CorsoLa's base· ✓ Closed at 15:30 · 0t walls · no gate
MrGuler's base· ✓ Closed at 18:54 · 94t walls · no gate
lion_'s base· ✓ Closed at 18:23 · 19t walls · no gate
Veci's base· ✓ Closed at 21:49 · 75t walls · no gate
c3mbrich!'s base· ✓ Closed at 20:43 · 32t walls · no gate
Ez4u2nv's base· ✓ Closed at 17:42 · 20t walls · no gate
Smoothed initial terrain · ◌ = detected wall gap · hover for details
Inputs per minute
— aleksanderG - - _Rustykid_
Build order — aleksanderG
First 150 of 459 actions detected
| 0:01 | Research | Loom |
| 0:04 | Build | House |
| 0:05 | Build | House |
| 0:14 | Create | Villager (Male) |
| 0:15 | Create | Villager (Male) |
| 0:15 | Create | Villager (Male) |
| 1:52 | Create | Villager (Male) |
| 2:22 | Create | Villager (Male) |
| 3:02 | Create | Villager (Male) |
| 3:26 | Build | Palisade Wall |
| 3:30 | Build | Palisade Wall |
| 3:42 | Create | Villager (Male) |
| 3:52 | Build | House |
| 3:52 | Build | House |
| 4:17 | Create | Villager (Male) |
| 4:43 | Create | Villager (Male) |
| 4:57 | Create | Villager (Male) |
| 5:29 | Create | Villager (Male) |
| 5:51 | Create | Villager (Male) |
| 6:20 | Create | Villager (Male) |
| 6:31 | Create | Villager (Male) |
| 6:51 | Build | Mill |
| 7:09 | Create | Villager (Male) |
| 7:18 | Build | Lumber Camp |
| 7:35 | Create | Villager (Male) |
| 8:04 | Create | Villager (Male) |
| 8:30 | Create | Villager (Male) |
| 8:41 | Research | Feudal Age |
| 9:38 | Build | Mining Camp |
| 10:16 | Create | Villager (Male) |
| 10:16 | Create | Villager (Male) |
| 10:45 | Build | House |
| 11:05 | Age | Feudal Age |
| 11:07 | Build | Stone Wall |
| 11:36 | Build | Market |
| 11:42 | Build | Blacksmith |
| 11:54 | Create | Villager (Male) |
| 12:22 | Build | Mining Camp |
| 12:44 | Research | Castle Age |
| 13:21 | Build | House |
| 13:22 | Build | House |
| 13:25 | Research | Double-Bit Axe |
| 14:36 | Create | Villager (Male) |
| 14:36 | Create | Villager (Male) |
| 15:24 | Age | Castle Age |
| 15:27 | Build | Castle |
| 15:41 | Build | Castle |
| 15:50 | Build | House |
| 15:52 | Build | Stone Wall |
| 15:56 | Create | Villager (Male) |
| 15:58 | Create | Villager (Male) |
| 16:00 | Research | Horse Collar |
| 16:27 | Research | Gold Mining |
| 16:59 | Create | Villager (Male) |
| 17:02 | Create | Petard |
| 17:22 | Create | Plumed Archer |
| 17:22 | Create | Plumed Archer |
| 17:24 | Create | Villager (Male) |
| 17:33 | Build | Farm |
| 17:33 | Build | Farm |
| 17:34 | Build | Farm |
| 17:34 | Build | Farm |
| 17:34 | Build | Farm |
| 17:34 | Build | Farm |
| 17:34 | Build | Farm |
| 17:35 | Build | Farm |
| 17:52 | Build | Siege Workshop |
| 18:12 | Create | Villager (Male) |
| 18:20 | Build | Farm |
| 18:27 | Create | Petard |
| 18:39 | Create | Villager (Male) |
| 18:54 | Create | Battering Ram |
| 18:54 | Create | Villager (Male) |
| 18:58 | Create | Plumed Archer |
| 19:07 | Create | Villager (Male) |
| 19:23 | Create | Petard |
| 19:43 | Create | Mangonel |
| 19:48 | Create | Villager (Male) |
| 20:12 | Create | Villager (Male) |
| 20:27 | Create | Petard |
| 20:27 | Create | Petard |
| 20:37 | Create | Villager (Male) |
| 20:40 | Build | Outpost |
| 20:45 | Research | Fletching |
| 21:26 | Create | Plumed Archer |
| 21:49 | Create | Villager (Male) |
| 21:49 | Create | Villager (Male) |
| 21:54 | Create | Mangonel |
| 22:07 | Research | Bodkin Arrow |
| 22:47 | Create | Villager (Male) |
| 22:47 | Create | Villager (Male) |
| 22:51 | Create | Plumed Archer |
| 22:51 | Create | Plumed Archer |
| 22:53 | Create | Petard |
| 23:11 | Create | Plumed Archer |
| 23:11 | Create | Plumed Archer |
| 23:13 | Create | Villager (Male) |
| 23:19 | Build | Town Center |
| 23:24 | Create | Plumed Archer |
| 23:25 | Create | Plumed Archer |
| 23:26 | Create | Villager (Male) |
| 23:32 | Build | Outpost |
| 24:17 | Create | Villager (Male) |
| 24:22 | Create | Villager (Male) |
| 24:23 | Create | Villager (Male) |
| 24:26 | Create | Villager (Male) |
| 24:39 | Create | Mangonel |
| 24:39 | Create | Mangonel |
| 25:11 | Create | Villager (Male) |
| 25:12 | Create | Villager (Male) |
| 25:29 | Create | Mangonel |
| 25:48 | Create | Villager (Male) |
| 25:50 | Create | Villager (Male) |
| 26:17 | Build | Outpost |
| 26:21 | Create | Villager (Male) |
| 26:22 | Create | Plumed Archer |
| 26:23 | Create | Plumed Archer |
| 26:23 | Create | Plumed Archer |
| 26:38 | Build | Palisade Wall |
| 26:45 | Create | Villager (Male) |
| 26:56 | Create | Plumed Archer |
| 26:56 | Create | Plumed Archer |
| 27:00 | Create | Plumed Archer |
| 27:02 | Create | Plumed Archer |
| 27:04 | Create | Villager (Male) |
| 27:47 | Create | Villager (Male) |
| 27:49 | Build | House |
| 27:49 | Build | House |
| 27:50 | Build | House |
| 27:51 | Build | House |
| 27:51 | Build | House |
| 27:52 | Build | Farm |
| 27:53 | Build | Farm |
| 27:53 | Build | Farm |
| 27:53 | Build | Farm |
| 28:29 | Create | Villager (Male) |
| 28:30 | Create | Villager (Male) |
| 28:30 | Create | Villager (Male) |
| 28:43 | Build | Castle |
| 29:02 | Build | Farm |
| 29:02 | Build | Farm |
| 29:02 | Build | Farm |
| 29:03 | Build | Farm |
| 29:04 | Create | Villager (Male) |
| 29:25 | Build | Farm |
| 29:25 | Build | Farm |
| 29:25 | Build | Farm |
| 29:25 | Build | Farm |
| 29:25 | Build | Farm |
| 29:26 | Build | Farm |
Build order — _Rustykid_
First 150 of 561 actions detected
| 0:01 | Create | Villager (Male) ×5 |
| 0:01 | Create | Villager (Male) |
| 0:01 | Create | Villager (Male) |
| 0:02 | Build | House |
| 0:03 | Build | House |
| 0:53 | Create | Villager (Male) ×3 |
| 1:38 | Build | Lumber Camp |
| 1:38 | Create | Villager (Male) |
| 1:42 | Create | Villager (Male) |
| 1:43 | Create | Villager (Male) |
| 1:56 | Build | House |
| 2:05 | Research | Loom |
| 2:05 | Create | Villager (Male) ×2 |
| 2:07 | Create | Villager (Male) |
| 2:46 | Create | Villager (Male) |
| 3:12 | Create | Villager (Male) |
| 3:18 | Build | Palisade Wall |
| 3:19 | Build | Palisade Wall |
| 3:21 | Build | Palisade Wall |
| 3:23 | Build | Palisade Wall |
| 3:32 | Create | Villager (Male) |
| 3:33 | Create | Villager (Male) |
| 4:15 | Build | Palisade Gate |
| 4:28 | Create | Villager (Male) |
| 4:28 | Create | Villager (Male) |
| 4:31 | Create | Villager (Male) |
| 4:45 | Create | Villager (Male) |
| 4:46 | Create | Villager (Male) |
| 5:33 | Create | Villager (Male) |
| 5:36 | Build | House |
| 6:43 | Build | Palisade Gate |
| 7:08 | Build | Palisade Gate |
| 7:11 | Create | Villager (Male) |
| 7:12 | Create | Villager (Male) |
| 7:38 | Create | Villager (Male) |
| 7:51 | Create | Villager (Male) |
| 8:26 | Build | Palisade Gate |
| 8:34 | Build | Palisade Gate |
| 8:36 | Build | Palisade Wall |
| 8:40 | Build | Palisade Wall |
| 8:46 | Create | Villager (Male) |
| 8:46 | Create | Villager (Male) |
| 8:55 | Build | Palisade Wall |
| 9:06 | Create | Villager (Male) |
| 9:17 | Build | Mill |
| 9:20 | Create | Villager (Male) |
| 10:08 | Build | Palisade Wall |
| 10:15 | Create | Villager (Male) |
| 10:17 | Build | House |
| 10:42 | Create | Villager (Male) |
| 10:46 | Build | Lumber Camp |
| 11:05 | Build | Mining Camp |
| 11:19 | Create | Villager (Male) |
| 11:45 | Create | Villager (Male) |
| 12:05 | Research | Feudal Age |
| 12:08 | Create | Villager (Male) |
| 12:15 | Build | Farm |
| 12:16 | Build | Farm |
| 12:24 | Build | Mining Camp |
| 12:29 | Research | Feudal Age |
| 12:29 | Research | Feudal Age |
| 13:12 | Build | Farm |
| 13:16 | Build | Farm |
| 13:18 | Create | Villager (Male) |
| 14:03 | Build | House |
| 14:46 | Age | Feudal Age |
| 14:55 | Build | Market |
| 14:57 | Build | Blacksmith |
| 15:06 | Create | Villager (Male) |
| 15:24 | Create | Villager (Male) |
| 15:38 | Create | Villager (Male) |
| 15:39 | Build | Farm |
| 16:03 | Build | Farm |
| 16:05 | Build | Farm |
| 16:22 | Create | Villager (Male) |
| 16:24 | Build | House |
| 16:28 | Research | Castle Age |
| 16:33 | Research | Double-Bit Axe |
| 16:33 | Research | Double-Bit Axe |
| 16:53 | Build | Outpost |
| 16:58 | Research | Horse Collar |
| 19:08 | Age | Castle Age |
| 19:10 | Create | Villager (Male) |
| 19:11 | Create | Villager (Male) |
| 19:14 | Build | Town Center |
| 19:30 | Build | Town Center |
| 19:33 | Build | Monastery |
| 19:45 | Research | Bow Saw |
| 19:49 | Create | Villager (Male) |
| 19:54 | Build | Stone Wall |
| 20:05 | Research | Wheelbarrow |
| 20:20 | Research | Heavy Plow |
| 20:20 | Research | Heavy Plow |
| 20:53 | Create | Villager (Male) |
| 20:55 | Create | Villager (Male) ×5 |
| 21:02 | Create | Villager (Male) |
| 21:02 | Create | Villager (Male) |
| 21:07 | Create | Monk |
| 21:23 | Create | Villager (Male) ×5 |
| 21:25 | Build | Farm |
| 21:35 | Build | Farm |
| 21:38 | Build | Farm |
| 21:41 | Build | Farm |
| 21:44 | Build | Farm |
| 21:47 | Build | Farm |
| 21:50 | Build | Farm |
| 21:51 | Build | Farm |
| 21:51 | Build | Farm |
| 22:06 | Create | Villager (Male) ×4 |
| 22:25 | Build | House |
| 22:26 | Build | House |
| 22:36 | Build | Farm |
| 22:37 | Build | Farm |
| 22:40 | Build | Farm |
| 22:44 | Build | Farm |
| 22:45 | Build | Farm |
| 22:49 | Build | Farm |
| 22:50 | Create | Villager (Male) |
| 23:01 | Build | Castle |
| 23:03 | Create | Villager (Male) ×5 |
| 23:08 | Research | Scale Barding Armor |
| 23:08 | Research | Scale Barding Armor |
| 23:10 | Build | House |
| 23:10 | Build | House |
| 23:11 | Build | House |
| 23:11 | Build | House |
| 23:17 | Build | Farm |
| 23:27 | Build | Farm |
| 23:29 | Create | Villager (Male) ×3 |
| 23:32 | Build | Farm |
| 23:35 | Build | Farm |
| 23:40 | Create | Villager (Male) ×2 |
| 23:45 | Build | Stone Wall |
| 24:07 | Build | Lumber Camp |
| 24:08 | Create | Villager (Male) ×4 |
| 24:17 | Create | Leitis |
| 24:17 | Create | Leitis |
| 24:29 | Create | Villager (Male) |
| 24:31 | Create | Leitis |
| 24:35 | Create | Villager (Male) |
| 24:41 | Create | Leitis |
| 24:44 | Build | Town Center |
| 24:45 | Create | Villager (Male) |
| 24:45 | Create | Villager (Male) |
| 24:47 | Create | Villager (Male) |
| 24:47 | Create | Villager (Male) |
| 24:55 | Research | Gold Mining |
| 24:56 | Research | Gold Mining |
| 24:56 | Create | Villager (Male) |
| 24:56 | Create | Villager (Male) |
Build order — CorsoLa
First 150 of 685 actions detected
| 0:02 | Create | Villager (Male) |
| 0:02 | Build | House |
| 0:03 | Build | House |
| 0:10 | Create | Villager (Male) |
| 0:10 | Create | Villager (Male) |
| 0:10 | Create | Villager (Male) |
| 1:21 | Create | Villager (Male) |
| 1:47 | Create | Villager (Male) |
| 2:16 | Create | Villager (Male) |
| 2:37 | Build | Lumber Camp |
| 2:40 | Create | Villager (Male) |
| 3:05 | Create | Villager (Male) |
| 3:41 | Create | Villager (Male) |
| 3:51 | Build | House |
| 3:56 | Create | Villager (Male) |
| 4:44 | Build | Dock |
| 4:46 | Build | House |
| 4:49 | Create | Villager (Male) |
| 5:02 | Create | Villager (Male) |
| 5:21 | Create | Fishing Ship |
| 5:30 | Create | Villager (Male) |
| 5:31 | Create | Villager (Male) |
| 6:07 | Create | Fishing Ship |
| 6:22 | Create | Villager (Male) |
| 6:22 | Create | Villager (Male) |
| 6:23 | Create | Fishing Ship |
| 6:46 | Build | House |
| 6:47 | Build | House |
| 6:57 | Build | House |
| 7:09 | Create | Villager (Male) |
| 7:35 | Create | Villager (Male) |
| 7:36 | Create | Fishing Ship |
| 7:52 | Create | Villager (Male) |
| 7:54 | Create | Fishing Ship |
| 8:10 | Create | Villager (Male) |
| 8:12 | Create | Villager (Male) |
| 8:17 | Create | Fishing Ship |
| 8:26 | Create | Villager (Male) |
| 8:37 | Create | Villager (Male) |
| 8:37 | Create | Villager (Male) |
| 8:41 | Build | House |
| 9:07 | Create | Villager (Male) |
| 9:10 | Build | Mining Camp |
| 9:14 | Research | Feudal Age |
| 9:22 | Build | House |
| 9:52 | Build | Mill |
| 10:49 | Create | Villager (Male) |
| 10:49 | Create | Villager (Male) |
| 10:50 | Create | Fishing Ship |
| 11:56 | Create | Villager (Male) |
| 11:59 | Age | Feudal Age |
| 12:00 | Build | Market |
| 12:02 | Build | Blacksmith |
| 12:05 | Research | Double-Bit Axe |
| 12:43 | Build | Lumber Camp |
| 12:50 | Research | Castle Age |
| 12:52 | Build | Lumber Camp |
| 13:21 | Create | Fishing Ship |
| 13:35 | Build | Fish Trap |
| 14:01 | Create | Fishing Ship |
| 14:04 | Build | Fish Trap |
| 14:09 | Build | Fish Trap |
| 14:26 | Build | Fish Trap |
| 14:30 | Build | Fish Trap |
| 14:33 | Create | Villager (Male) |
| 14:34 | Create | Fishing Ship |
| 14:49 | Build | Fish Trap |
| 15:27 | Create | Villager (Male) |
| 15:30 | Age | Castle Age |
| 15:31 | Research | Bow Saw |
| 15:32 | Create | Villager (Male) |
| 15:41 | Build | Town Center |
| 16:04 | Build | Fish Trap |
| 16:05 | Create | Villager (Male) |
| 16:27 | Build | Town Center |
| 16:55 | Build | Siege Workshop |
| 16:56 | Create | Villager (Male) |
| 17:02 | Create | Villager (Male) |
| 17:16 | Create | Villager (Male) |
| 17:21 | Research | Tech 906 |
| 17:26 | Build | Fish Trap |
| 17:27 | Create | Fishing Ship |
| 17:34 | Build | Fish Trap |
| 17:37 | Create | Villager (Male) |
| 17:40 | Create | Villager (Male) |
| 17:42 | Create | Villager (Male) |
| 17:49 | Build | House |
| 17:50 | Build | House |
| 17:50 | Build | House |
| 17:51 | Build | House |
| 17:52 | Build | House |
| 17:56 | Create | Villager (Male) |
| 18:00 | Create | Fishing Ship |
| 18:09 | Create | Villager (Male) |
| 18:14 | Build | Palisade Wall |
| 18:24 | Create | Villager (Male) |
| 18:32 | Build | Fish Trap |
| 18:33 | Create | Fishing Ship |
| 18:38 | Build | Fish Trap |
| 18:42 | Create | Mangonel |
| 18:45 | Create | Villager (Male) |
| 18:50 | Build | House |
| 18:56 | Build | House |
| 19:04 | Build | Fish Trap |
| 19:05 | Create | Fishing Ship |
| 19:06 | Create | Villager (Male) |
| 19:07 | Create | Villager (Male) |
| 19:07 | Create | Villager (Male) |
| 19:08 | Create | Villager (Male) |
| 19:08 | Create | Villager (Male) |
| 19:08 | Create | Villager (Male) |
| 19:09 | Research | Wheelbarrow |
| 19:13 | Create | Villager (Male) |
| 19:26 | Create | Mangonel |
| 19:29 | Build | Dock |
| 20:07 | Build | House |
| 20:07 | Build | House |
| 20:13 | Create | Villager (Male) |
| 20:13 | Create | Villager (Male) |
| 20:24 | Create | Villager (Male) |
| 20:25 | Create | Villager (Male) |
| 20:26 | Create | Villager (Male) |
| 20:27 | Create | Villager (Male) |
| 20:28 | Build | Farm |
| 20:30 | Build | Lumber Camp |
| 20:30 | Build | Lumber Camp |
| 20:32 | Create | Fishing Ship |
| 20:34 | Build | Dock |
| 20:36 | Build | Fish Trap |
| 20:46 | Build | Fish Trap |
| 20:47 | Create | Villager (Male) |
| 20:50 | Build | Farm |
| 20:50 | Build | Farm |
| 20:50 | Build | Farm |
| 20:50 | Build | Farm |
| 20:50 | Build | Farm |
| 20:51 | Build | Farm |
| 20:51 | Build | Farm |
| 21:02 | Create | Villager (Male) |
| 21:02 | Create | Villager (Male) |
| 21:03 | Create | Villager (Male) |
| 21:11 | Create | Villager (Male) |
| 21:11 | Create | Villager (Male) |
| 21:23 | Create | Mangonel |
| 21:44 | Create | Villager (Male) |
| 21:52 | Create | Villager (Male) |
| 21:52 | Create | Villager (Male) |
| 21:57 | Create | Villager (Male) |
| 21:57 | Create | Villager (Male) |
| 21:58 | Create | Fishing Ship |
Build order — MrGuler
First 150 of 415 actions detected
| 0:01 | Create | Villager (Male) |
| 0:02 | Build | House |
| 0:03 | Build | House |
| 0:19 | Research | Loom |
| 0:20 | Research | Loom |
| 0:20 | Create | Villager (Male) ×3 |
| 0:43 | Build | Palisade Wall |
| 1:03 | Build | Palisade Wall |
| 1:05 | Build | Palisade Wall |
| 2:12 | Create | Villager (Male) |
| 2:13 | Create | Villager (Male) |
| 3:13 | Create | Villager (Male) |
| 3:26 | Build | Palisade Wall |
| 3:59 | Create | Villager (Male) |
| 4:18 | Build | Lumber Camp |
| 4:29 | Build | Palisade Wall |
| 4:31 | Build | Palisade Wall |
| 4:33 | Build | Palisade Wall |
| 4:39 | Build | Palisade Wall |
| 4:47 | Create | Villager (Male) |
| 5:18 | Create | Villager (Male) |
| 5:18 | Create | Villager (Male) |
| 5:41 | Build | Palisade Wall |
| 5:44 | Build | Palisade Wall |
| 5:48 | Create | Villager (Male) |
| 5:48 | Create | Villager (Male) |
| 6:11 | Create | Villager (Male) |
| 6:32 | Create | Villager (Male) |
| 6:45 | Build | House |
| 6:47 | Build | House |
| 6:58 | Build | House |
| 7:01 | Create | Villager (Male) |
| 7:01 | Create | Villager (Male) |
| 7:26 | Create | Villager (Male) |
| 8:16 | Create | Villager (Male) |
| 8:16 | Create | Villager (Male) |
| 8:19 | Build | House |
| 8:32 | Build | Lumber Camp |
| 8:37 | Create | Villager (Male) |
| 8:44 | Build | Palisade Wall |
| 9:17 | Build | Mill |
| 9:22 | Create | Villager (Male) |
| 9:54 | Create | Villager (Male) |
| 10:18 | Research | Feudal Age |
| 11:07 | Build | Mining Camp |
| 12:25 | Create | Villager (Male) |
| 12:25 | Create | Villager (Male) |
| 12:33 | Age | Feudal Age |
| 12:37 | Build | Barracks |
| 13:04 | Build | Stone Wall |
| 13:05 | Build | Stone Wall |
| 13:10 | Build | House |
| 13:11 | Build | House |
| 13:21 | Create | Villager (Male) |
| 13:25 | Create | Villager (Male) |
| 13:36 | Build | Watch Tower |
| 13:50 | Create | Villager (Male) |
| 14:59 | Create | Villager (Male) |
| 14:59 | Create | Villager (Male) |
| 15:06 | Build | Stone Wall |
| 15:19 | Build | Market |
| 15:26 | Build | Dock |
| 15:34 | Create | Villager (Male) |
| 15:41 | Build | Blacksmith |
| 15:59 | Build | House |
| 16:01 | Build | House |
| 16:03 | Build | House |
| 16:04 | Build | House |
| 16:04 | Build | House |
| 16:11 | Research | Castle Age |
| 16:44 | Build | Stone Wall |
| 17:02 | Build | Stone Wall |
| 17:05 | Build | Stone Wall |
| 17:14 | Create | Villager (Male) |
| 17:26 | Build | Mining Camp |
| 17:50 | Build | Stone Wall |
| 18:11 | Research | Double-Bit Axe |
| 18:11 | Research | Double-Bit Axe |
| 18:28 | Build | Lumber Camp |
| 18:46 | Build | Watch Tower |
| 18:53 | Build | Stone Wall |
| 18:54 | Age | Castle Age |
| 18:56 | Build | Stone Wall |
| 19:03 | Create | Villager (Male) |
| 19:06 | Create | Villager (Male) |
| 19:13 | Create | Villager (Male) |
| 19:27 | Build | Dock |
| 19:40 | Build | Dock |
| 19:46 | Create | Villager (Male) |
| 20:05 | Create | Villager (Male) |
| 20:20 | Build | Dock |
| 20:32 | Research | Tech 906 |
| 20:32 | Research | Tech 906 |
| 20:39 | Create | Fishing Ship |
| 20:47 | Create | Villager (Male) |
| 20:49 | Create | Villager (Male) |
| 21:04 | Research | Bow Saw |
| 21:06 | Create | Fishing Ship |
| 21:06 | Create | Fishing Ship |
| 21:08 | Create | Fishing Ship |
| 21:21 | Build | Lumber Camp |
| 21:39 | Create | Villager (Male) |
| 21:41 | Build | Lumber Camp |
| 21:44 | Create | Fishing Ship |
| 21:44 | Create | Fishing Ship |
| 21:56 | Create | Fishing Ship |
| 21:56 | Create | Fishing Ship |
| 22:31 | Create | Villager (Male) |
| 22:32 | Create | Fishing Ship |
| 22:32 | Create | Fishing Ship |
| 22:32 | Create | Fishing Ship |
| 22:35 | Create | Fishing Ship |
| 22:35 | Create | Fishing Ship |
| 22:45 | Build | Town Center |
| 22:48 | Create | Villager (Male) |
| 23:13 | Create | Fishing Ship |
| 23:14 | Create | Fishing Ship |
| 23:14 | Create | Fishing Ship |
| 23:16 | Create | Villager (Male) |
| 23:24 | Create | Fishing Ship |
| 23:39 | Create | Villager (Male) |
| 23:48 | Build | Gate |
| 24:08 | Build | Stone Wall |
| 24:09 | Build | Stone Wall |
| 24:26 | Build | Stone Wall |
| 24:32 | Create | Villager (Male) ×5 |
| 24:40 | Build | Stone Wall |
| 24:47 | Create | Villager (Male) ×2 |
| 24:50 | Build | Fish Trap |
| 24:52 | Build | Fish Trap |
| 24:55 | Build | Fish Trap |
| 24:57 | Build | Fish Trap |
| 25:00 | Build | Fish Trap |
| 25:04 | Build | Fish Trap |
| 25:06 | Build | Fish Trap |
| 25:08 | Build | Fish Trap |
| 25:12 | Build | Fish Trap |
| 25:19 | Build | Fish Trap |
| 25:21 | Build | Fish Trap |
| 25:42 | Build | Fish Trap |
| 25:45 | Build | Fish Trap |
| 25:57 | Build | Palisade Gate |
| 26:10 | Build | Palisade Wall |
| 26:13 | Build | Dock |
| 26:15 | Create | Fishing Ship |
| 26:15 | Create | Fishing Ship |
| 26:15 | Create | Fishing Ship |
| 26:15 | Create | Fishing Ship |
| 26:19 | Research | Gillnets |
| 26:31 | Create | Villager (Male) |
Build order — lion_
First 150 of 537 actions detected
| 0:01 | Create | Villager (Male) |
| 0:03 | Build | House |
| 0:04 | Build | House |
| 0:19 | Create | Villager (Male) |
| 0:19 | Create | Villager (Male) |
| 0:19 | Create | Villager (Male) |
| 1:45 | Create | Villager (Male) |
| 1:46 | Create | Villager (Male) |
| 2:25 | Create | Villager (Male) |
| 2:26 | Create | Villager (Male) |
| 2:26 | Create | Villager (Male) |
| 2:58 | Create | Villager (Male) |
| 3:07 | Create | Villager (Male) |
| 3:07 | Create | Villager (Male) |
| 3:58 | Create | Villager (Male) |
| 3:59 | Create | Villager (Male) |
| 4:02 | Build | Lumber Camp |
| 4:22 | Create | Villager (Male) |
| 4:22 | Create | Villager (Male) |
| 4:42 | Create | Villager (Male) |
| 5:00 | Build | House |
| 5:01 | Research | Loom |
| 5:21 | Create | Villager (Male) |
| 5:21 | Create | Villager (Male) |
| 5:22 | Create | Villager (Male) |
| 5:54 | Build | Dock |
| 5:58 | Create | Villager (Male) |
| 6:08 | Create | Villager (Male) |
| 6:14 | Build | House |
| 6:25 | Create | Villager (Male) |
| 6:25 | Create | Villager (Male) |
| 6:25 | Create | Villager (Male) |
| 6:34 | Create | Villager (Male) |
| 6:46 | Build | House |
| 6:49 | Create | Fishing Ship |
| 7:14 | Create | Villager (Male) |
| 7:14 | Create | Villager (Male) |
| 7:21 | Create | Fishing Ship |
| 7:30 | Create | Fishing Ship |
| 7:40 | Create | Villager (Male) |
| 7:40 | Create | Villager (Male) |
| 8:11 | Create | Villager (Male) |
| 8:13 | Create | Fishing Ship |
| 8:31 | Create | Fishing Ship |
| 8:46 | Create | Villager (Male) |
| 8:46 | Create | Villager (Male) |
| 8:54 | Build | House |
| 9:19 | Build | Mill |
| 9:20 | Create | Fishing Ship |
| 9:31 | Build | Lumber Camp |
| 9:58 | Create | Villager (Male) |
| 10:05 | Create | Fishing Ship |
| 10:14 | Build | House |
| 10:21 | Create | Fishing Ship |
| 10:22 | Create | Villager (Male) |
| 10:46 | Create | Villager (Male) |
| 10:52 | Create | Fishing Ship |
| 10:53 | Create | Fishing Ship |
| 11:26 | Create | Villager (Male) |
| 11:31 | Create | Fishing Ship |
| 11:31 | Create | Fishing Ship |
| 11:31 | Create | Fishing Ship |
| 11:49 | Create | Villager (Male) |
| 11:54 | Create | Fishing Ship |
| 12:03 | Build | Mining Camp |
| 12:12 | Research | Feudal Age |
| 12:54 | Build | House |
| 13:21 | Build | House |
| 13:26 | Create | Fishing Ship |
| 14:01 | Build | Palisade Wall |
| 14:03 | Build | Palisade Wall |
| 14:05 | Build | Palisade Wall |
| 14:08 | Build | Palisade Wall |
| 14:10 | Build | Palisade Wall |
| 14:21 | Create | Villager (Male) |
| 14:26 | Age | Feudal Age |
| 14:28 | Build | Market |
| 14:32 | Build | Blacksmith |
| 14:36 | Build | Fish Trap |
| 14:39 | Build | Fish Trap |
| 14:39 | Research | Tech 906 |
| 14:39 | Research | Tech 906 |
| 14:40 | Research | Double-Bit Axe |
| 14:51 | Build | Stone Wall |
| 14:53 | Create | Villager (Male) |
| 14:55 | Create | Villager (Male) |
| 15:01 | Build | Fish Trap |
| 15:02 | Create | Fishing Ship |
| 15:05 | Build | Fish Trap |
| 15:09 | Build | Fish Trap |
| 15:25 | Research | Castle Age |
| 15:38 | Build | Fish Trap |
| 15:49 | Build | Fish Trap |
| 15:51 | Build | Fish Trap |
| 15:54 | Build | Fish Trap |
| 16:17 | Build | House |
| 16:20 | Create | Fishing Ship |
| 16:23 | Build | Fish Trap |
| 16:26 | Build | Fish Trap |
| 16:40 | Build | Mining Camp |
| 16:55 | Build | House |
| 17:25 | Build | Fish Trap |
| 17:29 | Build | Fish Trap |
| 17:36 | Research | Gold Mining |
| 17:53 | Build | Stone Wall |
| 18:05 | Create | Villager (Male) |
| 18:13 | Build | Stone Wall |
| 18:23 | Age | Castle Age |
| 18:28 | Build | University |
| 18:30 | Build | Monastery |
| 18:34 | Research | Gillnets |
| 18:48 | Create | Villager (Male) |
| 18:50 | Build | Stone Wall |
| 18:52 | Build | Stone Wall |
| 18:53 | Build | Stone Wall |
| 18:53 | Build | Stone Wall |
| 18:54 | Build | Stone Wall |
| 18:54 | Build | Stone Wall |
| 18:54 | Build | Stone Wall |
| 18:54 | Build | Stone Wall |
| 18:55 | Build | Stone Wall |
| 19:04 | Build | Mining Camp |
| 19:11 | Research | Imperial Age |
| 20:09 | Build | Outpost |
| 20:13 | Build | Town Center |
| 20:14 | Research | Bow Saw |
| 20:14 | Research | Bow Saw |
| 20:16 | Create | Monk |
| 20:49 | Build | Barracks |
| 21:28 | Build | Siege Workshop |
| 21:32 | Create | Villager (Male) |
| 21:35 | Create | Villager (Male) |
| 21:35 | Create | Villager (Male) |
| 21:36 | Create | Villager (Male) |
| 21:36 | Create | Villager (Male) |
| 21:41 | Build | House |
| 21:42 | Build | House |
| 21:55 | Create | Villager (Male) |
| 22:13 | Build | Archery Range |
| 22:23 | Age | Imperial Age |
| 22:26 | Build | Archery Range |
| 22:31 | Research | Chemistry |
| 22:32 | Create | Villager (Male) |
| 22:33 | Create | Villager (Male) |
| 22:33 | Create | Villager (Male) |
| 22:33 | Create | Villager (Male) |
| 22:34 | Create | Villager (Male) |
| 22:34 | Create | Villager (Male) |
| 22:38 | Build | House |
| 22:39 | Build | House |
Build order — Veci
First 150 of 467 actions detected
| 0:01 | Create | Villager (Male) |
| 0:02 | Create | Villager (Male) |
| 0:02 | Create | Villager (Male) |
| 0:02 | Create | Villager (Male) |
| 0:03 | Build | House |
| 0:04 | Build | House |
| 0:10 | Research | Loom |
| 0:14 | Create | Villager (Male) |
| 0:14 | Create | Villager (Male) |
| 0:14 | Create | Villager (Male) |
| 0:14 | Create | Villager (Male) |
| 0:43 | Build | Palisade Wall |
| 0:58 | Build | Palisade Wall |
| 1:01 | Build | Palisade Wall |
| 1:48 | Create | Villager (Male) |
| 1:48 | Create | Villager (Male) |
| 1:48 | Create | Villager (Male) |
| 2:42 | Create | Villager (Male) |
| 2:42 | Create | Villager (Male) |
| 3:08 | Create | Villager (Male) |
| 3:09 | Create | Villager (Male) |
| 3:32 | Create | Villager (Male) |
| 3:33 | Create | Villager (Male) |
| 3:59 | Build | Lumber Camp |
| 4:00 | Create | Villager (Male) |
| 4:22 | Build | Palisade Wall |
| 4:37 | Create | Villager (Male) |
| 4:37 | Create | Villager (Male) |
| 5:13 | Create | Villager (Male) |
| 5:29 | Create | Villager (Male) |
| 5:29 | Create | Villager (Male) |
| 5:37 | Build | House |
| 5:54 | Create | Villager (Male) |
| 5:54 | Create | Villager (Male) |
| 6:01 | Build | Palisade Wall |
| 6:14 | Create | Villager (Male) |
| 6:14 | Create | Villager (Male) |
| 6:14 | Create | Villager (Male) |
| 6:36 | Build | House |
| 6:44 | Create | Villager (Male) |
| 6:49 | Build | Palisade Wall |
| 6:51 | Build | Palisade Wall |
| 7:23 | Build | Palisade Wall |
| 7:30 | Build | Palisade Wall |
| 7:39 | Build | Palisade Wall |
| 7:42 | Build | Palisade Wall |
| 7:45 | Create | Villager (Male) |
| 8:13 | Create | Villager (Male) |
| 8:39 | Create | Villager (Male) |
| 8:42 | Create | Villager (Male) |
| 8:51 | Create | Villager (Male) |
| 9:01 | Build | Lumber Camp |
| 9:09 | Build | Lumber Camp |
| 9:18 | Build | Mill |
| 9:22 | Create | Villager (Male) |
| 9:27 | Build | House |
| 9:43 | Build | House |
| 9:50 | Build | Outpost |
| 10:08 | Create | Villager (Male) |
| 10:09 | Research | Feudal Age |
| 11:03 | Build | Mining Camp |
| 11:19 | Create | Villager (Male) |
| 12:01 | Build | Palisade Wall |
| 12:23 | Create | Villager (Male) |
| 12:47 | Build | Farm |
| 12:52 | Create | Villager (Male) |
| 12:54 | Age | Feudal Age |
| 13:33 | Build | Barracks |
| 13:59 | Create | Villager (Male) |
| 14:30 | Build | Palisade Wall |
| 14:31 | Build | Palisade Wall |
| 14:34 | Create | Villager (Male) |
| 14:39 | Build | Palisade Wall |
| 14:40 | Build | Palisade Wall |
| 14:42 | Build | Palisade Wall |
| 14:48 | Build | Stable |
| 14:55 | Build | Farm |
| 14:56 | Create | Villager (Male) |
| 15:21 | Create | Scout Cavalry |
| 15:28 | Create | Villager (Male) |
| 15:42 | Create | Villager (Male) |
| 16:33 | Create | Villager (Male) |
| 17:17 | Create | Villager (Male) |
| 17:19 | Build | Farm |
| 17:29 | Build | Palisade Wall |
| 17:30 | Build | Palisade Wall |
| 17:32 | Build | Palisade Wall |
| 17:33 | Build | Palisade Wall |
| 17:33 | Build | Palisade Wall |
| 17:34 | Build | Palisade Wall |
| 17:38 | Build | Palisade Wall |
| 17:44 | Create | Villager (Male) |
| 17:53 | Build | Market |
| 17:58 | Research | Horse Collar |
| 17:59 | Research | Double-Bit Axe |
| 18:11 | Build | Lumber Camp |
| 18:21 | Create | Villager (Male) |
| 18:31 | Create | Villager (Male) |
| 18:33 | Build | Farm |
| 18:33 | Build | Farm |
| 18:33 | Build | Farm |
| 18:35 | Build | House |
| 18:48 | Research | Castle Age |
| 19:19 | Build | Stone Wall |
| 19:21 | Build | Stone Wall |
| 19:31 | Build | Stone Wall |
| 19:36 | Build | House |
| 19:42 | Build | Farm |
| 19:47 | Build | Farm |
| 19:49 | Build | Farm |
| 19:51 | Build | Farm |
| 19:53 | Create | Villager (Male) |
| 20:06 | Create | Villager (Male) |
| 20:42 | Build | Outpost |
| 21:16 | Build | Palisade Wall |
| 21:18 | Create | Villager (Male) |
| 21:21 | Create | Scout Cavalry |
| 21:49 | Age | Castle Age |
| 21:53 | Build | Town Center |
| 22:01 | Build | Town Center |
| 22:07 | Build | Town Center |
| 22:11 | Create | Villager (Male) |
| 22:11 | Create | Villager (Male) |
| 22:33 | Build | Stone Wall |
| 22:34 | Build | Stone Wall |
| 22:48 | Build | Stone Wall |
| 22:55 | Build | University |
| 23:02 | Create | Villager (Male) |
| 23:02 | Create | Villager (Male) |
| 23:03 | Create | Villager (Male) |
| 23:03 | Create | Villager (Male) |
| 23:12 | Build | Stone Wall |
| 23:25 | Build | Stone Wall |
| 23:34 | Build | Stone Wall |
| 23:39 | Build | Stone Wall |
| 23:41 | Build | Stone Wall |
| 23:42 | Build | Stone Wall |
| 24:37 | Research | Fortified Wall (upgrade) |
| 24:37 | Research | Fortified Wall (upgrade) |
| 24:46 | Create | Villager (Male) |
| 24:46 | Create | Villager (Male) |
| 25:04 | Build | Stone Wall |
| 25:10 | Build | Mining Camp |
| 25:16 | Build | Lumber Camp |
| 25:17 | Create | Villager (Male) |
| 25:17 | Create | Villager (Male) |
| 25:20 | Build | Stone Wall |
| 25:39 | Build | Stone Wall |
| 25:44 | Build | Stone Wall |
| 25:48 | Create | Villager (Male) |
Build order — c3mbrich!
First 150 of 612 actions detected
| 0:01 | Create | Villager (Male) |
| 0:01 | Create | Villager (Male) |
| 0:02 | Build | House |
| 0:04 | Build | House |
| 0:06 | Create | Villager (Male) |
| 0:09 | Create | Villager (Male) |
| 0:49 | Create | Villager (Male) |
| 0:50 | Research | Loom |
| 1:04 | Create | Villager (Male) |
| 1:12 | Build | Palisade Wall |
| 1:14 | Build | Palisade Wall |
| 1:16 | Build | Palisade Wall |
| 1:18 | Build | Palisade Wall |
| 1:23 | Build | Palisade Wall |
| 1:29 | Research | Loom |
| 1:46 | Create | Villager (Male) |
| 1:47 | Create | Villager (Male) |
| 2:04 | Build | Palisade Gate |
| 2:29 | Build | Palisade Wall |
| 2:33 | Create | Villager (Male) |
| 2:33 | Create | Villager (Male) |
| 2:37 | Build | Palisade Wall |
| 2:38 | Build | Palisade Wall |
| 2:41 | Build | Palisade Wall |
| 2:49 | Create | Villager (Male) |
| 3:33 | Create | Villager (Male) |
| 3:33 | Create | Villager (Male) |
| 3:41 | Build | Lumber Camp |
| 3:48 | Create | Villager (Male) |
| 4:31 | Create | Villager (Male) |
| 4:31 | Create | Villager (Male) |
| 5:01 | Create | Villager (Male) |
| 5:07 | Build | House |
| 5:26 | Create | Villager (Male) |
| 6:16 | Create | Villager (Male) |
| 6:16 | Create | Villager (Male) |
| 6:17 | Create | Villager (Male) |
| 6:59 | Build | Palisade Wall |
| 7:01 | Build | Palisade Wall |
| 7:05 | Create | Villager (Male) |
| 7:05 | Create | Villager (Male) |
| 7:05 | Create | Villager (Male) |
| 7:15 | Build | Palisade Wall |
| 7:17 | Build | Palisade Wall |
| 7:34 | Create | Villager (Male) |
| 7:53 | Build | Palisade Wall |
| 7:55 | Build | Palisade Wall |
| 7:57 | Build | Palisade Wall |
| 8:00 | Build | Palisade Wall |
| 8:11 | Build | Palisade Wall |
| 8:13 | Create | Villager (Male) |
| 8:27 | Build | Mill |
| 8:42 | Build | Palisade Wall |
| 8:46 | Build | Palisade Wall |
| 8:48 | Create | Villager (Male) |
| 8:49 | Create | Villager (Male) |
| 8:54 | Build | House |
| 9:03 | Build | House |
| 9:32 | Create | Villager (Male) |
| 9:37 | Create | Villager (Male) |
| 9:54 | Create | Villager (Male) |
| 9:59 | Create | Villager (Male) |
| 10:02 | Create | Villager (Male) |
| 10:18 | Build | Barracks |
| 10:26 | Build | Palisade Wall |
| 10:36 | Create | Villager (Male) |
| 10:38 | Create | Villager (Male) |
| 10:45 | Create | Villager (Male) |
| 10:56 | Create | Militia |
| 10:56 | Create | Militia |
| 11:05 | Build | Palisade Wall |
| 11:09 | Create | Militia |
| 11:41 | Build | House |
| 11:44 | Create | Villager (Male) |
| 11:46 | Create | Militia |
| 11:48 | Create | Villager (Male) |
| 12:19 | Build | Palisade Wall |
| 12:30 | Create | Villager (Male) |
| 12:33 | Create | Villager (Male) |
| 12:35 | Build | Farm |
| 12:36 | Build | Farm |
| 12:36 | Build | Farm |
| 12:41 | Create | Villager (Male) |
| 12:51 | Create | Villager (Male) |
| 12:53 | Create | Villager (Male) |
| 12:55 | Build | Farm |
| 12:56 | Create | Villager (Male) |
| 13:02 | Create | Villager (Male) |
| 13:28 | Build | Farm |
| 13:38 | Create | Villager (Male) |
| 13:40 | Build | Farm |
| 13:41 | Build | Farm |
| 13:44 | Build | Farm |
| 13:50 | Create | Villager (Male) |
| 13:52 | Build | House |
| 14:25 | Create | Villager (Male) |
| 14:26 | Create | Villager (Male) |
| 14:31 | Research | Feudal Age |
| 14:40 | Build | Mining Camp |
| 15:01 | Build | Farm |
| 15:03 | Build | Farm |
| 15:38 | Build | House |
| 15:46 | Build | Farm |
| 15:57 | Build | Farm |
| 16:01 | Create | Villager (Male) |
| 16:12 | Create | Villager (Male) |
| 16:48 | Age | Feudal Age |
| 16:51 | Create | Villager (Male) |
| 16:56 | Build | Market |
| 16:57 | Build | Blacksmith |
| 17:07 | Build | Palisade Wall |
| 17:08 | Build | Palisade Wall |
| 17:11 | Build | Palisade Wall |
| 17:12 | Build | Palisade Wall |
| 17:52 | Research | Castle Age |
| 17:53 | Research | Double-Bit Axe |
| 20:05 | Create | Villager (Male) |
| 20:10 | Research | Horse Collar |
| 20:15 | Build | Farm |
| 20:17 | Build | Farm |
| 20:18 | Build | Farm |
| 20:43 | Age | Castle Age |
| 20:45 | Create | Villager (Male) |
| 20:49 | Build | Town Center |
| 20:50 | Build | Town Center |
| 21:01 | Create | Villager (Male) |
| 21:07 | Create | Villager (Male) |
| 21:10 | Build | Town Center |
| 21:25 | Create | Villager (Male) |
| 21:34 | Build | Farm |
| 21:40 | Create | Villager (Male) |
| 22:00 | Create | Villager (Male) |
| 22:06 | Research | Bow Saw |
| 22:09 | Research | Heavy Plow |
| 22:10 | Create | Villager (Male) |
| 22:14 | Create | Villager (Male) |
| 22:15 | Create | Villager (Male) |
| 22:35 | Build | Farm |
| 22:36 | Create | Villager (Male) |
| 22:43 | Create | Villager (Male) |
| 22:44 | Build | Farm |
| 22:46 | Build | Farm |
| 22:52 | Create | Villager (Male) |
| 22:54 | Create | Villager (Male) |
| 22:54 | Create | Villager (Male) |
| 22:54 | Create | Villager (Male) |
| 22:54 | Create | Villager (Male) |
| 22:55 | Create | Villager (Male) |
| 22:59 | Create | Villager (Male) |
| 23:08 | Build | Farm |
Build order — Ez4u2nv
First 150 of 857 actions detected
| 0:02 | Research | Loom |
| 0:57 | Create | Villager (Male) |
| 0:57 | Create | Villager (Male) |
| 1:48 | Build | Palisade Wall |
| 1:50 | Create | Villager (Male) |
| 2:22 | Create | Villager (Male) |
| 3:16 | Build | Lumber Camp |
| 3:19 | Create | Villager (Male) |
| 3:20 | Create | Villager (Male) |
| 3:50 | Create | Villager (Male) |
| 3:51 | Create | Villager (Male) |
| 4:25 | Build | House |
| 4:31 | Create | Villager (Male) |
| 4:31 | Create | Villager (Male) |
| 4:48 | Create | Villager (Male) |
| 4:48 | Create | Villager (Male) |
| 5:20 | Create | Villager (Male) |
| 6:03 | Build | Lumber Camp |
| 6:05 | Create | Villager (Male) |
| 6:19 | Build | House |
| 6:25 | Create | Villager (Male) |
| 6:25 | Create | Villager (Male) |
| 6:42 | Create | Villager (Male) |
| 7:07 | Create | Villager (Male) |
| 7:32 | Build | Dock |
| 7:51 | Create | Villager (Male) |
| 8:01 | Build | House |
| 8:23 | Create | Villager (Male) |
| 8:42 | Create | Fishing Ship |
| 8:42 | Create | Fishing Ship |
| 8:45 | Create | Villager (Male) |
| 8:54 | Build | Mill |
| 9:03 | Create | Villager (Male) |
| 9:15 | Create | Villager (Male) |
| 9:40 | Build | Mining Camp |
| 10:05 | Create | Fishing Ship |
| 10:05 | Create | Fishing Ship |
| 10:07 | Build | House |
| 10:27 | Build | House |
| 10:36 | Build | House |
| 10:42 | Research | Feudal Age |
| 11:15 | Create | Fishing Ship |
| 11:21 | Build | House |
| 11:23 | Build | House |
| 11:49 | Create | Fishing Ship |
| 12:11 | Create | Fishing Ship |
| 12:20 | Build | Dock |
| 12:34 | Create | Villager (Male) |
| 12:35 | Create | Villager (Male) |
| 12:35 | Create | Villager (Male) |
| 12:52 | Age | Feudal Age |
| 12:55 | Build | Stone Wall |
| 12:59 | Build | Outpost |
| 13:07 | Build | Market |
| 13:23 | Build | Blacksmith |
| 13:45 | Create | Villager (Male) |
| 13:45 | Create | Villager (Male) |
| 14:00 | Build | Mining Camp |
| 14:48 | Build | Watch Tower |
| 15:02 | Research | Castle Age |
| 15:02 | Research | Castle Age |
| 15:16 | Research | Double-Bit Axe |
| 15:39 | Create | Fishing Ship |
| 15:41 | Create | Fishing Ship |
| 16:12 | Build | Mining Camp |
| 16:20 | Create | Villager (Male) |
| 16:20 | Create | Villager (Male) |
| 16:20 | Create | Villager (Male) |
| 16:54 | Build | Fish Trap |
| 17:03 | Build | Fish Trap |
| 17:05 | Build | Fish Trap |
| 17:21 | Research | Fletching |
| 17:34 | Build | Fish Trap |
| 17:39 | Build | Fish Trap |
| 17:42 | Age | Castle Age |
| 17:45 | Create | Villager (Male) |
| 17:45 | Create | Villager (Male) |
| 17:47 | Build | Town Center |
| 18:02 | Build | Town Center |
| 18:12 | Build | Fish Trap |
| 18:15 | Create | Villager (Male) |
| 18:34 | Build | Fish Trap |
| 18:58 | Create | Villager (Male) |
| 18:58 | Create | Villager (Male) |
| 18:59 | Create | Villager (Male) |
| 19:09 | Create | Villager (Male) |
| 19:11 | Create | Fishing Ship |
| 19:13 | Create | Fishing Ship |
| 19:15 | Create | Fishing Ship |
| 19:22 | Create | Fishing Ship |
| 19:23 | Create | Fishing Ship |
| 19:26 | Create | Villager (Male) |
| 19:27 | Create | Villager (Male) |
| 19:27 | Create | Villager (Male) |
| 19:28 | Create | Villager (Male) |
| 19:52 | Create | Villager (Male) |
| 20:01 | Build | Fish Trap |
| 20:03 | Build | Fish Trap |
| 20:04 | Create | Fishing Ship |
| 20:07 | Create | Fishing Ship |
| 20:13 | Research | Bow Saw |
| 20:31 | Build | Stone Wall |
| 20:36 | Build | Stone Wall |
| 20:38 | Create | Villager (Male) |
| 20:43 | Build | Fish Trap |
| 20:49 | Build | Fish Trap |
| 20:50 | Create | Fishing Ship |
| 20:51 | Create | Fishing Ship |
| 20:51 | Create | Villager (Male) |
| 20:52 | Create | Villager (Male) |
| 20:55 | Build | House |
| 20:56 | Build | House |
| 21:13 | Create | Fishing Ship |
| 21:15 | Create | Fishing Ship |
| 21:28 | Create | Villager (Male) |
| 21:37 | Create | Villager (Male) |
| 21:40 | Build | Fish Trap |
| 21:43 | Build | Dock |
| 21:47 | Build | Fish Trap |
| 21:48 | Create | Villager (Male) |
| 22:10 | Create | Villager (Male) |
| 22:13 | Build | House |
| 22:14 | Build | House |
| 22:15 | Build | Fish Trap |
| 22:17 | Create | Fishing Ship |
| 22:18 | Create | Fishing Ship |
| 22:21 | Build | Fish Trap |
| 22:22 | Create | Villager (Male) |
| 22:22 | Create | Villager (Male) |
| 22:23 | Create | Villager (Male) |
| 22:32 | Create | Fishing Ship |
| 22:32 | Create | Fishing Ship |
| 22:35 | Build | House |
| 22:37 | Build | House |
| 22:38 | Build | House |
| 22:43 | Create | Villager (Male) |
| 22:44 | Create | Villager (Male) |
| 22:55 | Create | Fishing Ship |
| 22:56 | Create | Fishing Ship |
| 22:56 | Create | Fishing Ship |
| 22:56 | Create | Fishing Ship |
| 22:59 | Build | Dock |
| 23:04 | Build | Fish Trap |
| 23:07 | Build | Fish Trap |
| 23:13 | Create | Villager (Male) |
| 23:14 | Create | Villager (Male) |
| 23:15 | Create | Villager (Male) |
| 23:15 | Create | Villager (Male) |
| 23:21 | Build | Fish Trap |
| 23:28 | Create | Fishing Ship |
Match timeline
| 0:43 | Veci · wall_segment Palisade Wall x15 |
| 0:43 | MrGuler · wall_segment Palisade Wall x7 |
| 0:58 | Veci · wall_segment Palisade Wall x1 |
| 1:01 | Veci · wall_segment Palisade Wall x8 |
| 1:03 | MrGuler · wall_segment Palisade Wall x2 |
| 1:05 | MrGuler · wall_segment Palisade Wall x1 |
| 1:12 | c3mbrich! · wall_segment Palisade Wall x1 |
| 1:14 | c3mbrich! · wall_segment Palisade Wall x1 |
| 1:16 | c3mbrich! · wall_segment Palisade Wall x1 |
| 1:18 | c3mbrich! · wall_segment Palisade Wall x1 |
| 1:23 | c3mbrich! · wall_segment Palisade Wall x1 |
| 1:48 | Ez4u2nv · wall_segment Palisade Wall x11 |
| 2:29 | c3mbrich! · wall_segment Palisade Wall x1 |
| 2:37 | c3mbrich! · wall_segment Palisade Wall x1 |
| 2:38 | c3mbrich! · wall_segment Palisade Wall x1 |
| 2:41 | c3mbrich! · wall_segment Palisade Wall x1 |
| 3:18 | _Rustykid_ · wall_segment Palisade Wall x1 |
| 3:19 | _Rustykid_ · wall_segment Palisade Wall x1 |
| 3:21 | _Rustykid_ · wall_segment Palisade Wall x1 |
| 3:23 | _Rustykid_ · wall_segment Palisade Wall x1 |
| 3:26 | MrGuler · wall_segment Palisade Wall x1 |
| 3:26 | aleksanderG · wall_segment Palisade Wall x1 |
| 3:30 | aleksanderG · wall_segment Palisade Wall x8 |
| 4:22 | Veci · wall_segment Palisade Wall x5 |
| 4:29 | MrGuler · wall_segment Palisade Wall x1 |
| 4:31 | MrGuler · wall_segment Palisade Wall x1 |
| 4:33 | MrGuler · wall_segment Palisade Wall x1 |
| 4:39 | MrGuler · wall_segment Palisade Wall x1 |
| 4:44 | CorsoLa · first_building Dock |
| 5:41 | MrGuler · wall_segment Palisade Wall x1 |
| 5:44 | MrGuler · wall_segment Palisade Wall x11 |
| 5:54 | lion_ · first_building Dock |
| 6:01 | Veci · wall_segment Palisade Wall x2 |
| 6:49 | Veci · wall_segment Palisade Wall x1 |
| 6:51 | Veci · wall_segment Palisade Wall x1 |
| 6:59 | c3mbrich! · wall_segment Palisade Wall x1 |
| 7:01 | c3mbrich! · wall_segment Palisade Wall x1 |
| 7:15 | c3mbrich! · wall_segment Palisade Wall x1 |
| 7:17 | c3mbrich! · wall_segment Palisade Wall x1 |
| 7:23 | Veci · wall_segment Palisade Wall x1 |
| 7:30 | Veci · wall_segment Palisade Wall x1 |
| 7:32 | Ez4u2nv · first_building Dock |
| 7:39 | Veci · wall_segment Palisade Wall x1 |
| 7:42 | Veci · wall_segment Palisade Wall x1 |
| 7:53 | c3mbrich! · wall_segment Palisade Wall x1 |
| 7:55 | c3mbrich! · wall_segment Palisade Wall x1 |
| 7:57 | c3mbrich! · wall_segment Palisade Wall x1 |
| 8:00 | c3mbrich! · wall_segment Palisade Wall x1 |
| 8:11 | c3mbrich! · wall_segment Palisade Wall x1 |
| 8:36 | _Rustykid_ · wall_segment Palisade Wall x1 |
| 8:40 | _Rustykid_ · wall_segment Palisade Wall x1 |
| 8:42 | c3mbrich! · wall_segment Palisade Wall x1 |
| 8:44 | MrGuler · wall_segment Palisade Wall x1 |
| 8:46 | c3mbrich! · wall_segment Palisade Wall x1 |
| 8:55 | _Rustykid_ · wall_segment Palisade Wall x7 |
| 10:08 | _Rustykid_ · wall_segment Palisade Wall x1 |
| 10:18 | c3mbrich! · first_building Barracks |
| 10:26 | c3mbrich! · wall_segment Palisade Wall x1 |
| 11:05 | c3mbrich! · wall_segment Palisade Wall x8 |
| 11:05 | aleksanderG · age_up feudal |
| 11:07 | aleksanderG · wall_segment Stone Wall x8 |
| 11:59 | CorsoLa · age_up feudal |
| 12:01 | Veci · wall_segment Palisade Wall x10 |
| 12:19 | c3mbrich! · wall_segment Palisade Wall x1 |
| 12:33 | MrGuler · age_up feudal |
| 12:37 | MrGuler · first_building Barracks |
| 12:52 | Ez4u2nv · age_up feudal |
| 12:54 | Veci · age_up feudal |
| 12:55 | Ez4u2nv · wall_segment Stone Wall x9 |
| 13:04 | MrGuler · wall_segment Stone Wall x1 |
| 13:05 | MrGuler · wall_segment Stone Wall x7 |
| 13:33 | Veci · first_building Barracks |
| 14:01 | lion_ · wall_segment Palisade Wall x1 |
| 14:03 | lion_ · wall_segment Palisade Wall x1 |
| 14:05 | lion_ · wall_segment Palisade Wall x1 |
| 14:08 | lion_ · wall_segment Palisade Wall x1 |
| 14:10 | lion_ · wall_segment Palisade Wall x1 |
| 14:26 | lion_ · age_up feudal |
| 14:30 | Veci · wall_segment Palisade Wall x1 |
| 14:31 | Veci · wall_segment Palisade Wall x1 |
| 14:39 | Veci · wall_segment Palisade Wall x1 |
| 14:40 | Veci · wall_segment Palisade Wall x1 |
| 14:42 | Veci · wall_segment Palisade Wall x1 |
| 14:46 | _Rustykid_ · age_up feudal |
| 14:48 | Veci · first_building Stable |
| 14:51 | lion_ · wall_segment Stone Wall x12 |
| 15:02 | aleksanderG · first_market_buy 100 stone |
| 15:06 | MrGuler · wall_segment Stone Wall x11 |
| 15:24 | aleksanderG · age_up castle |
| 15:26 | MrGuler · first_building Dock |
| 15:27 | aleksanderG · first_building Castle |
| 15:30 | CorsoLa · age_up castle |
| 15:44 | CorsoLa · first_market_buy 100 wood |
| 15:52 | aleksanderG · wall_segment Stone Wall x1 |
| 16:40 | MrGuler · first_market_sell 100 food |
| 16:41 | MrGuler · first_market_buy 100 stone |
| 16:44 | MrGuler · wall_segment Stone Wall x17 |
| 16:48 | c3mbrich! · age_up feudal |
| 16:55 | CorsoLa · first_building Siege Workshop |
| 17:02 | MrGuler · wall_segment Stone Wall x10 |
| 17:05 | MrGuler · wall_segment Stone Wall x11 |
| 17:07 | c3mbrich! · wall_segment Palisade Wall x1 |
| 17:08 | c3mbrich! · wall_segment Palisade Wall x1 |
| 17:11 | c3mbrich! · wall_segment Palisade Wall x1 |
| 17:12 | c3mbrich! · wall_segment Palisade Wall x1 |
| 17:29 | Veci · wall_segment Palisade Wall x1 |
| 17:30 | Veci · wall_segment Palisade Wall x1 |
| 17:32 | Veci · wall_segment Palisade Wall x2 |
| 17:33 | Veci · wall_segment Palisade Wall x1 |
| 17:33 | Veci · wall_segment Palisade Wall x3 |
| 17:34 | Veci · wall_segment Palisade Wall x3 |
| 17:38 | Veci · wall_segment Palisade Wall x1 |
| 17:42 | Ez4u2nv · age_up castle |
| 17:50 | MrGuler · wall_segment Stone Wall x10 |
| 17:51 | c3mbrich! · first_market_buy 100 food |
| 17:52 | aleksanderG · first_building Siege Workshop |
| 17:53 | lion_ · wall_segment Stone Wall x1 |
| 18:13 | lion_ · wall_segment Stone Wall x1 |
| 18:14 | CorsoLa · wall_segment Palisade Wall x1 |
| 18:23 | lion_ · age_up castle |
| 18:30 | lion_ · first_building Monastery |
| 18:41 | Veci · first_market_sell 100 wood |
| 18:42 | Veci · first_market_buy 100 food |
| 18:50 | lion_ · wall_segment Stone Wall x1 |
| 18:52 | lion_ · wall_segment Stone Wall x1 |
| 18:53 | MrGuler · wall_segment Stone Wall x3 |
| 18:53 | lion_ · wall_segment Stone Wall x1 |
| 18:53 | lion_ · wall_segment Stone Wall x1 |
| 18:54 | MrGuler · age_up castle |
| 18:54 | lion_ · wall_segment Stone Wall x1 |
| 18:54 | lion_ · wall_segment Stone Wall x1 |
| 18:54 | lion_ · wall_segment Stone Wall x1 |
| 18:54 | lion_ · wall_segment Stone Wall x2 |
| 18:55 | lion_ · wall_segment Stone Wall x1 |
| 18:56 | MrGuler · wall_segment Stone Wall x5 |
| 19:08 | _Rustykid_ · age_up castle |
| 19:19 | Veci · wall_segment Stone Wall x6 |
| 19:21 | Veci · wall_segment Stone Wall x8 |
| 19:31 | Veci · wall_segment Stone Wall x1 |
| 19:33 | _Rustykid_ · first_building Monastery |
| 19:54 | _Rustykid_ · wall_segment Stone Wall x8 |
| 20:31 | Ez4u2nv · wall_segment Stone Wall x8 |
| 20:36 | Ez4u2nv · wall_segment Stone Wall x1 |
| 20:43 | c3mbrich! · age_up castle |
| 20:49 | lion_ · first_building Barracks |
| 21:16 | Veci · wall_segment Palisade Wall x1 |
| 21:28 | lion_ · first_building Siege Workshop |
| 21:49 | Veci · age_up castle |
| 22:13 | lion_ · first_building Archery Range |
| 22:23 | lion_ · age_up imperial |
| 22:33 | Veci · wall_segment Stone Wall x8 |
| 22:34 | Veci · wall_segment Stone Wall x9 |
| 22:48 | Veci · wall_segment Stone Wall x10 |
| 22:55 | CorsoLa · first_building Monastery |
| 23:01 | _Rustykid_ · first_building Castle |
| 23:12 | Veci · wall_segment Stone Wall x1 |
| 23:25 | Veci · wall_segment Stone Wall x9 |
| 23:34 | Veci · wall_segment Stone Wall x13 |
| 23:39 | Veci · wall_segment Stone Wall x1 |
| 23:41 | Veci · wall_segment Stone Wall x1 |
| 23:42 | Veci · wall_segment Stone Wall x1 |
| 23:45 | _Rustykid_ · wall_segment Stone Wall x10 |
| 24:08 | MrGuler · wall_segment Stone Wall x1 |
| 24:09 | MrGuler · wall_segment Stone Wall x1 |
| 24:26 | MrGuler · wall_segment Stone Wall x1 |
| 24:38 | lion_ · first_building Castle |
| 24:40 | MrGuler · wall_segment Stone Wall x1 |
| 25:04 | Veci · wall_segment Stone Wall x1 |
| 25:20 | Veci · wall_segment Stone Wall x9 |
| 25:39 | _Rustykid_ · wall_segment Stone Wall x8 |
| 25:39 | Veci · wall_segment Stone Wall x8 |
| 25:44 | Veci · wall_segment Stone Wall x1 |
| 25:46 | CorsoLa · first_building Barracks |
| 25:53 | Veci · wall_segment Stone Wall x4 |
| 25:54 | Veci · wall_segment Stone Wall x9 |
| 26:00 | Veci · wall_segment Stone Wall x6 |
| 26:10 | MrGuler · wall_segment Palisade Wall x1 |
| 26:12 | Veci · wall_segment Stone Wall x1 |
| 26:26 | CorsoLa · first_market_sell 100 food |
| 26:38 | aleksanderG · wall_segment Palisade Wall x1 |
| 26:49 | aleksanderG · first_market_sell 500 wood |
| 26:49 | c3mbrich! · wall_segment Stone Wall x1 |
| 26:49 | CorsoLa · first_building Stable |
| 26:58 | Veci · wall_segment Stone Wall x9 |
| 27:06 | MrGuler · wall_segment Stone Wall x2 |
| 27:09 | Veci · wall_segment Stone Wall x10 |
| 27:09 | MrGuler · wall_segment Stone Wall x2 |
| 27:09 | Ez4u2nv · first_building Siege Workshop |
| 27:14 | Veci · wall_segment Stone Wall x10 |
| 27:18 | c3mbrich! · first_building Monastery |
| 27:21 | _Rustykid_ · first_building Barracks |
| 27:48 | Veci · wall_segment Stone Wall x7 |
| 27:52 | Veci · wall_segment Stone Wall x11 |
| 28:05 | Ez4u2nv · first_building Castle |
| 28:06 | Veci · wall_segment Stone Wall x14 |
| 28:11 | _Rustykid_ · wall_segment Stone Wall x10 |
| 28:16 | c3mbrich! · first_market_sell 100 wood |
| 28:36 | Veci · wall_segment Stone Wall x1 |
| 28:41 | _Rustykid_ · first_building Stable |
| 28:50 | c3mbrich! · first_building Siege Workshop |
| 29:12 | Ez4u2nv · first_building Barracks |
| 29:13 | Veci · wall_segment Stone Wall x13 |
| 29:19 | Veci · wall_segment Stone Wall x12 |
| 29:30 | Veci · wall_segment Stone Wall x16 |
| 30:17 | c3mbrich! · wall_segment Stone Wall x7 |
| 30:17 | MrGuler · first_building Siege Workshop |
| 31:04 | CorsoLa · age_up imperial |
| 31:05 | Ez4u2nv · age_up imperial |
| 31:31 | Ez4u2nv · first_market_buy 100 stone |
| 31:42 | Ez4u2nv · first_building Archery Range |
| 31:56 | c3mbrich! · age_up imperial |
| 32:12 | _Rustykid_ · first_market_buy 100 food |
| 32:14 | Veci · wall_segment Stone Wall x1 |
| 32:25 | Ez4u2nv · first_market_sell 100 food |
| 32:36 | Ez4u2nv · wall_segment Stone Wall x8 |
| 32:39 | aleksanderG · wall_segment Stone Wall x1 |
| 32:43 | Veci · wall_segment Stone Wall x1 |
| 32:44 | aleksanderG · wall_segment Stone Wall x2 |
| 32:48 | aleksanderG · wall_segment Stone Wall x3 |
| 32:58 | Ez4u2nv · wall_segment Stone Wall x10 |
| 33:02 | Ez4u2nv · wall_segment Stone Wall x1 |
| 33:05 | c3mbrich! · first_building Castle |
| 33:29 | Veci · wall_segment Stone Wall x10 |
| 34:14 | MrGuler · first_building Castle |
| 34:26 | MrGuler · age_up imperial |
| 35:00 | aleksanderG · wall_segment Stone Wall x1 |
| 35:02 | aleksanderG · wall_segment Stone Wall x1 |
| 35:03 | aleksanderG · wall_segment Stone Wall x1 |
| 35:23 | _Rustykid_ · age_up imperial |
| 36:31 | lion_ · wall_segment Stone Wall x15 |
| 36:53 | aleksanderG · first_building Barracks |
| 37:26 | CorsoLa · first_building Castle |
| 37:35 | lion_ · wall_segment Stone Wall x9 |
| 38:02 | lion_ · wall_segment Stone Wall x1 |
| 38:55 | c3mbrich! · wall_segment Stone Wall x1 |
| 38:56 | Ez4u2nv · first_building Stable |
| 38:59 | c3mbrich! · wall_segment Stone Wall x1 |
| 39:10 | c3mbrich! · tribute_sent a jugador 1 |
| 39:10 | c3mbrich! · tribute_sent a jugador 2 |
| 39:10 | c3mbrich! · tribute_sent a jugador 3 |
| 39:10 | c3mbrich! · tribute_sent a jugador 4 |
| 39:11 | c3mbrich! · tribute_sent a jugador 5 |
| 39:11 | c3mbrich! · tribute_sent a jugador 6 |
| 39:11 | c3mbrich! · tribute_sent a jugador 8 |
| 40:00 | aleksanderG · age_up imperial |
| 42:02 | Veci · first_building Monastery |
| 43:02 | c3mbrich! · wall_segment Stone Wall x12 |
| 43:08 | CorsoLa · first_building Archery Range |
| 44:04 | Veci · first_building Archery Range |
| 45:12 | Ez4u2nv · wall_segment Stone Wall x4 |
| 45:14 | Ez4u2nv · wall_segment Stone Wall x1 |
| 46:14 | MrGuler · first_building Archery Range |
| 47:52 | Veci · age_up imperial |
| 49:35 | Ez4u2nv · wall_segment Stone Wall x11 |
| 49:37 | Ez4u2nv · wall_segment Stone Wall x6 |
| 51:27 | lion_ · tribute_sent a jugador 1 |
| 51:27 | lion_ · tribute_sent a jugador 2 |
| 51:27 | lion_ · tribute_sent a jugador 3 |
| 51:27 | lion_ · tribute_sent a jugador 4 |
| 51:27 | lion_ · tribute_sent a jugador 6 |
| 51:27 | lion_ · tribute_sent a jugador 7 |
| 51:27 | lion_ · tribute_sent a jugador 8 |
| 53:27 | _Rustykid_ · wall_segment Stone Wall x4 |
| 53:36 | _Rustykid_ · wall_segment Stone Wall x3 |
| 53:46 | MrGuler · tribute_sent a jugador 1 |
| 53:46 | MrGuler · tribute_sent a jugador 2 |
| 53:46 | MrGuler · tribute_sent a jugador 4 |
| 53:46 | MrGuler · tribute_sent a jugador 5 |
| 53:46 | MrGuler · tribute_sent a jugador 6 |
| 53:46 | MrGuler · tribute_sent a jugador 7 |
| 53:46 | MrGuler · tribute_sent a jugador 8 |
| 54:21 | _Rustykid_ · wall_segment Stone Wall x12 |
| 54:21 | Veci · first_building Siege Workshop |
| 54:27 | _Rustykid_ · wall_segment Stone Wall x7 |
| 54:32 | c3mbrich! · resign |
| 54:39 | _Rustykid_ · first_building Siege Workshop |
[ AI ANALYSIS · 1 CREDIT ]
What really happened in this match?
Wolo.gg analyzes every decision: build order, eco, micro, common mistakes by bracket. Personalized analysis on WhatsApp or Discord in 30 seconds.
Civ guide
Maya
Perfil
Jugador #552202